 Dungeon Crawl Stone Soup version 0.31-a0-931-g7b59d4eb97 (webtiles) character file.

Game seed: 7664731443918319905

4498 IdlyInterested the Covert (level 10, -20/114 HPs)
             Began as a Demonspawn Fighter on Oct 19, 2023.
             Killed from afar by an ice statue (23 damage)
             ... with a shard of ice
             ... on level 8 of the Dungeon.
             The game lasted 00:40:51 (8471 turns).

IdlyInterested the Covert (Demonspawn Fighter)      Turns: 8471, Time: 00:40:51

Health: -20/114    AC: 18    Str: 11    XL:     10   Next: 16%
Magic:  0/16       EV: 14    Int: 16    God:
Gold:   27         SH:  0    Dex: 17    Spells: 11/11 levels left

rFire   + . .        a - +1 rapier (protect)
rCold   + . .        (no shield)
rNeg    + . .        h - +5 moon troll leather armour {Spirit, Regen++ MP+5}
rPois   +            r - +2 hat
rElec   +            m - +0 cloak
rCorr   +            (no gloves)
SInv    .            (no boots)
Will    .....        (no amulet) Stlth
                     L - ring of Kowa {rElec rN+ Str-5 Int+6 Slay+5}
HPRegen 1.99/turn    v - ring of flight
MPRegen 0.15/turn

%: guardian spirit
@: mighty, berserking, resistant, under a protective aura, flying, very quick
A: repulsion field 1, powered by pain 2, demonic touch 2
a: no special abilities


You were on level 8 of the Dungeon.
You visited 2 branches of the dungeon, and saw 9 of its levels.
You also visited: Ossuary.

You collected 428 gold pieces.
You spent 401 gold pieces at shops.

Inventory:

Hand Weapons
 a - a +1 rapier of protection (weapon)
 y - a +2 vampiric dagger
 P - a +1 dagger of venom
 Q - a +2 dagger of speed
Missiles
 c - 5 curare-tipped darts
 g - 32 stones (quivered)
 D - 5 boomerangs
 G - 9 poisoned darts
 H - 6 silver javelins
 M - 2 throwing nets
Armour
 h - the +5 moon troll leather armour (worn) {Spirit, Regen++ MP+5}
   (You found it on level 2 of the Dungeon)

   MP+5:      It affects your magic capacity (+5).
   Regen++:   It increases your rate of health regeneration.
 m - a +0 cloak (worn)
 r - a +2 hat (worn)
 t - a +0 helmet
Jewellery
 v - a ring of flight (right hand)
 L - the ring of Kowa (left hand) {rElec rN+ Str-5 Int+6 Slay+5}
   (You found it on level 5 of the Dungeon)

   [ring of intelligence]

   Str-5:     It affects your strength (-5).
   Int+6:     It affects your intelligence (+6).
   Slay+5:    It affects your accuracy & damage with ranged weapons and melee
   (+5).
   rElec:     It insulates you from electricity.
   rN+:       It protects you from negative energy.
 N - a +4 ring of protection
Wands
 q - a wand of mindburst (13)
 R - a wand of roots (6)
Scrolls
 b - a scroll of enchant weapon
 f - a scroll of silence
 i - a scroll of summoning
 j - 3 scrolls of immolation
 n - 2 scrolls of vulnerability
 o - 2 scrolls of poison
 p - a scroll of torment
 s - 2 scrolls of teleportation
 w - a scroll of fear
 x - a scroll of brand weapon
 C - a scroll of identify
 E - a scroll of enchant armour
 F - a scroll of amnesia
 V - a scroll of revelation
Potions
 d - 3 potions of might
 e - 3 potions of curing
 k - 4 potions of attraction
 l - a potion of invisibility
 u - 5 potions of brilliance
 z - a potion of magic
 B - 2 potions of haste
 J - a potion of heal wounds
 K - a potion of cancellation {unknown}
 S - a potion of enlightenment {unknown}


   Skills:
 * Level 5.7 Fighting
 - Level 8.0 Short Blades
 - Level 2.0 Throwing
 - Level 3.0 Armour
 - Level 2.0 Dodging
 + Level 9.6 Stealth
 - Level 3.0 Shields
 - Level 2.0 Unarmed Combat
 - Level 1.0 Spellcasting
 - Level 2.0 Invocations
 - Level 2.0 Evocations


You had 11 spell levels left.
You didn't know any spells.
Your spell library contained the following spells:

 Spells                   Type           Power      Damage    Failure   Level
 Necrotise                Necr           0%         1d4       28%         1
 Dazzling Flash           Conj/Hex       0%         N/A       65%         3
 Gell's Gravitas          Tloc           0%         N/A       65%         3
 Summon Guardian Golem    Hex/Summ       0%         N/A       65%         3
 Teleport Other           Tloc           0%         N/A       65%         3
 Tukima's Dance           Hex            0%         N/A       65%         3
 Vampiric Draining        Necr           0%         2d6       65%         3
 Dimensional Bullseye     Hex/Tloc       0%         N/A       96%         4
 Iskenderun's Mystic Bla  Conj/Tloc      0%         2d3       96%         4
 Agony                    Necr           0%         N/A       100%        5
 Silence                  Hex/Air        0%         N/A       100%        5
 Dispersal                Tloc           0%         N/A       100%        6
 Orb of Destruction       Conj           0%         9d5       100%        7
 Spellforged Servitor     Conj/Summ      0%         N/A       100%        7


Dungeon Overview and Level Annotations

Branches:
Dungeon (8/15)             Temple (1/1) D:7         Ossuary (visited)
   Lair: D:8-11

Altars:
Ashenzari
Fedhas
Gozag
Hepliaklqana
Kikubaaqudgha
Makhleb
Nemelex Xobeh
Okawaru
Qazlal
Ru
Uskayaw
Vehumet
Yredelemnul

Shops:
D:2 =   D:5 (*   D:7 **

Annotations:
D:4 2 transporters
D:8 exclusion: ice statue


Innate Abilities, Weirdness & Mutations

You are surrounded by a mild repulsion field. (EV +2)
You sometimes gain power by taking damage.
Your touch may inflict irresistible damage on your foes.


Message History

You feel mightier all of a sudden.
The bolt of cold hits the ice devil.
The ice devil completely resists.
The ice devil hits you. The ice devil freezes you!
The ice statue gestures at you. The bolt of cold misses you.
The bolt of cold misses the ice devil.
The ice devil barely misses you.
The ice devil attacks as it pursues you!
The ice devil barely misses you.
You see here 8 gold pieces.
You hit the ice statue.
Your weapon exudes an aura of protection.
You touch the ice statue!
The ice statue is lightly damaged.
The ice statue gestures at you. The freezing blast engulfs you.
The ice devil misses you.
You hit the ice statue.
The ice statue is moderately damaged.
You are engulfed in freezing vapours.
You puncture the ice statue!
The ice statue is moderately damaged.
You are engulfed in freezing vapours.
The ice devil hits you. The ice devil freezes you!
* * * LOW HITPOINT WARNING * * *
The ice devil completely misses you.
You feel protected.
You are engulfed in freezing vapours.
You resist. The ice devil hits you!
* * * LOW HITPOINT WARNING * * *
The ice devil freezes you! You resist.
* * * LOW HITPOINT WARNING * * *
The ice devil closely misses you. The ice devil barely misses you.
A red film seems to cover your vision as you go berserk!
You feel yourself moving faster!
You feel mighty!
You are engulfed in freezing vapours.
You resist.
* * * LOW HITPOINT WARNING * * *
The ice devil hits you but does no damage.
The ice devil barely misses you. x2
The ice statue glitters chillingly in the dim dungeon light.
The ice statue gestures at you. The shard of ice hits you!!
You partially resist.
You die...

#......#......#................#
#........^...###...............#
#.......##..≈≈≈≈≈..##..........#
##.......###≈≈~~~≈≈###.###......#
.###......##~~...~~##..###......#
...#..<...≈~~.....~~≈..##.......'
...#.....≈≈~.##.##.~≈≈..#.......#
...#....#≈~..#?$4#..~≈#.........#
...'...##≈~...°8@4..~≈##........#
####....#≈~..#$○4#○.~≈#.........+
....###..≈≈~.##☼##.~≈≈..#########
....#.....≈~~.....~~≈..#.........
....#.....##~~...~~##..#.........
....#....###≈≈~~~≈≈###.#.........
....'....##..≈≈≈≈≈..##.#.........
....#.........###......#.........
#####.....##...#..######.........


You could see an ice statue and 3 ice devils.

Vanquished Creatures
  Joseph (D:8)
  2 ice devils (D:8)
  Grinder (D:4)
  Sigmund (D:3)
  A spriggan (D:8)
  Edmund (D:4)
  3 water moccasins
  Duvessa (D:7)
  3 ice beasts (D:6)
  An orc warrior (D:7)
  2 sky beasts
  2 ogres
  2 centaurs
  7 bullfrogs
  3 scorpions
  4 wights (D:8)
  Dowan (D:7)
  A hound (D:4)
  2 human zombies (Ossuary)
  A jelly (D:5)
  2 orc priests (D:7)
  3 gnoll boudas
  4 iguanas
  Terence (D:3)
  5 orc wizards
  4 mummies (Ossuary)
  Robin (D:3)
  11 gnolls
  5 adders
  2 shadow imps
  A white imp (D:7)
  9 ufetubi
  A worm (D:2)
  3 dart slugs
  26 orcs
  3 bats
  6 endoplasms
  4 giant cockroaches
  2 gnoll zombies (Ossuary)
  17 goblins (D:3)
  10 hobgoblins
  9 kobolds
  4 quokkas
  6 ball pythons
  3 frilled lizards
  A goblin zombie (Ossuary)
  A hobgoblin zombie (Ossuary)
  2 kobold zombies (Ossuary)
  2 rats (D:1)
188 creatures vanquished.

Notes
Turn   | Place    | Note
-------+----------+-------------------------------------------
     0 | D:1      | IdlyInterested the Demonspawn Fighter began the quest for
                  | the Orb.
     0 | D:1      | Reached XP level 1. HP: 18/18 MP: 1/1
   202 | D:1      | Gained mutation: You are surrounded by a mild repulsion
                  | field. (EV +2) [demonic ancestry]
   202 | D:1      | Reached XP level 2. HP: 21/24 MP: 2/2
   407 | D:1      | Reached skill level 1 in Stealth
   707 | D:2      | Found the +5 moon troll leather armour {Spirit, Regen++
                  | MP+5}
   845 | D:2      | Reached XP level 3. HP: 28/29 MP: 3/3
   885 | D:2      | Reached skill level 1 in Throwing
  1095 | D:2      | Found Ymmaixkiecu's Jewellery Boutique.
  1226 | D:2      | Reached skill level 2 in Stealth
  1433 | D:2      | Reached skill level 1 in Dodging
  1810 | D:3      | Identified the +1 robe of the Peculiar Artisans {rElec
                  | Stlth+}
  1940 | D:3      | Found a sacrificial altar of Ru.
  1940 | D:3      | Found a hazy altar of Hepliaklqana.
  1942 | D:3      | Found a burning altar of Makhleb.
  1947 | D:3      | Gained mutation: Your touch may inflict minor irresistible
                  | damage on your foes. [demonic ancestry]
  1947 | D:3      | Reached XP level 4. HP: 35/35 MP: 4/4
  1953 | D:3      | Found an iron altar of Okawaru.
  2046 | D:3      | Noticed a bullfrog
  2055 | D:3      | Killed a bullfrog
  2056 | D:3      | Reached skill level 3 in Stealth
  2056 | D:3      | Reached skill level 1 in Evocations
  2139 | D:3      | Reached XP level 5. HP: 41/41 MP: 5/5
  2158 | D:3      | Noticed Robin
  2175 | D:3      | Killed Robin
  2340 | D:3      | Noticed Sigmund
  2351 | D:3      | Killed Sigmund
  2352 | D:3      | Reached skill level 4 in Stealth
  2352 | D:3      | Gained mutation: You sometimes gain a little power by
                  | taking damage. [demonic ancestry]
  2352 | D:3      | Reached XP level 6. HP: 47/47 MP: 6/6
  2622 | D:3      | Noticed Terence
  2654 | D:3      | Killed Terence
  3184 | D:4      | Noticed Edmund
  3197 | D:4      | Killed Edmund
  3198 | D:4      | Gained mutation: Your touch may inflict irresistible damage
                  | on your foes. [demonic ancestry]
  3198 | D:4      | Reached XP level 7. HP: 53/53 MP: 7/7
  3273 | D:4      | Noticed Grinder
  3279 | D:4      | Killed Grinder
  3280 | D:4      | Reached skill level 5 in Stealth
  3466 | D:4      | Found a transporter.
  3680 | D:4      | Found a transporter.
  3680 | D:4      | Noticed a fire bat
  3808 | D:5      | Entered Level 5 of the Dungeon
  3912 | D:5      | Reached skill level 6 in Stealth
  4051 | D:5      | Found Goddearar's Assorted Antiques.
  4113 | D:5      | Bought a scroll labelled UWUHIE EKLA for 25 gold pieces
  4113 | D:5      | Bought an emerald potion for 22 gold pieces
  4113 | D:5      | Bought a fizzy pink potion for 22 gold pieces
  4277 | D:5      | Identified the ring of Kowa {rElec rN+ Str-5 Int+6 Slay+5}
  4328 | D:5      | Reached XP level 8. HP: 60/60 MP: 8/8
  4376 | D:5      | Found Unoufeudd's Antique Weapon Shoppe.
  4422 | D:5      | Reached skill level 1 in Unarmed Combat
  4687 | D:5      | Bought a scroll of identify for 50 gold pieces
  4687 | D:5      | Bought a scroll of identify for 50 gold pieces
  4981 | D:6      | Reached skill level 1 in Spellcasting
  4988 | D:6      | Reached skill level 1 in Invocations
  5084 | D:6      | Reached skill level 7 in Stealth
  5131 | D:6      | Reached skill level 5 in Short Blades
  5391 | D:6      | Reached XP level 9. HP: 50/65 MP: 10/10
  5756 | D:7      | Found a staircase to the Ecumenical Temple.
  5785 | D:7      | Reached skill level 8 in Stealth
  5896 | D:7      | Found a sand-covered staircase.
  5905 | Ossuary  | Entered an ossuary
  6139 | Temple   | Entered the Ecumenical Temple
  6252 | D:7      | Found Waafra's Specific Store.
  6252 | D:7      | Found Jigiato's General Store.
  6381 | D:7      | Found an opulent altar of Gozag.
  6557 | D:7      | Identified the staff "Hajuakk" {Will+ Earth}
  6634 | D:7      | Noticed Duvessa
  6634 | D:7      | Noticed Dowan
  6639 | D:7      | Killed Dowan
  6652 | D:7      | Killed Duvessa
  6971 | D:8      | Noticed an ice devil
  6971 | D:8      | Noticed an ice devil
  7013 | D:8      | Noticed Joseph
  7017 | D:8      | Killed Joseph
  7018 | D:8      | Reached skill level 9 in Stealth
  7190 | D:8      | Noticed an ice devil
  7191 | D:8      | Noticed an ice devil
  7192 | D:8      | Noticed an ice statue
  7192 | D:8      | Noticed an ice devil
  7237 | D:8      | Killed an ice devil
  7237 | D:8      | Killed an ice devil
  7238 | D:8      | Reached skill level 5 in Fighting
  7238 | D:8      | Gained mutation: You sometimes gain power by taking damage.
                  | [demonic ancestry]
  7238 | D:8      | Reached XP level 10. HP: 74/74 MP: 11/11
  8242 | D:2      | Bought a ring of flight for 210 gold pieces
  8366 | D:7      | Bought a scroll of identify for 22 gold pieces
  8470 | D:8      | HP: 2/76 [ice devil (6)]
  8471 | D:8      | Killed from afar by an ice statue

Illustrated notes

Levels and vault maps discovered:
D:1:      elethiomel_arrival_shortcut, layout_basic, grunt_decor_cap
D:2:      layout_basic, serial_shops, shop
D:3:      corexii_shack_village, layout_basic,
          nicolae_overflow_macrodata_refinement, minmay_checkerbox, uniq_robin,
          uniq_sigmund, uniq_terence
D:4:      gammafunk_cloud_chamber, layout_basic, minmay_surrounded, uniq_edmund,
          uniq_grinder
D:5:      layout_basic, serial_shops, shop, nicolae_inconvenience_store,
          dreamdust_mushroom_princess
D:6:      layout_gridville, solitary_fountain, abandoned_shop
D:7:      layout_basic, mainiacjoe_overflow_chevrons, grunt_gozag_statues,
          minmay_temple_entry_glass, lightli_ossuary_entry_decrepit_ruins,
          nicolae_specific_store, uniq_duvessa
D:8:      cheibrodos_frozen_isle, layout_gridville, the_hattery, uniq_joseph
Temple:   chequers_temple_sunken

Skill      XL: |  1  2  3  4  5  6  7  8  9 |
---------------+----------------------------+-----
Short Blades   | 2 3 4 5 8 |  8.0
Armour         | 3 |  3.0
Stealth        | 1 2 3 4 6 7 9 |  9.6
Shields        | 3 |  3.0
Throwing       | 1 2 |  2.0
Dodging        | 1 2 |  2.0
Evocations     | 1 2 |  2.0
Fighting       | 4 5 |  5.7
Unarmed Combat | 2 |  2.0
Spellcasting   | 1 |  1.0
Invocations    | 2 |  2.0

Action                     |  1- 3 |  4- 6 |  7- 9 | 10-12 || total
---------------------------+-------+-------+-------+-------++-------
  Melee: Rapier            |   111 |   150 |   282 |    27 ||   570
         Touch             |       |    20 |    67 |     4 ||    91
         Punch             |       |     3 |     6 |       ||     9
  Throw: Stone             |     6 |     3 |    19 |       ||    28
         Dart              |       |     1 |     1 |       ||     2
  Evoke: Wand              |       |       |    18 |    33 ||    51
    Use: Scroll            |     3 |     4 |    10 |     2 ||    19
         Potion            |     1 |     2 |     3 |     3 ||     9
   Stab: Sleeping          |     2 |     4 |    10 |     2 ||    18
         Distracted        |       |       |     3 |       ||     3
 Armour: Scale mail        |    13 |       |       |       ||    13
         Troll leather arm |    31 |    96 |   144 |    26 ||   297
  Dodge: Dodged            |    49 |    79 |   177 |    24 ||   329
  Block: Buckler           |    30 |       |       |       ||    30

Table legend: (Time is in decaauts)
 A = Elapsed time spent in this place.
 B = Non-inter-level travel time spent in this place.
 C = Inter-level travel time spent in this place.
 D = Time resting spent in this place.
 E = Time spent auto-exploring this place.
 F = Levels seen in this place.
 G = Mean time per level.
                   A        B        C        D        E       F      G
               +--------+--------+--------+--------+--------+-----+--------+
         Total |   8472 |   6759 |   1713 |    443 |   3946 |  10 |  847.2 |
       Dungeon |   8196 |   6505 |   1691 |    443 |   3946 |   8 | 1024.5 |
        Temple |     65 |     43 |     22 |      0 |      0 |   1 |   65.0 |
       Ossuary |    210 |    210 |      0 |      0 |      0 |   1 |  210.0 |
               +--------+--------+--------+--------+--------+-----+--------+

Top non-repeatable levels by time:
     D:2: 1461 daAuts
     D:3: 1222 daAuts
     D:8: 1178 daAuts
     D:5: 1065 daAuts
     D:7: 1043 daAuts
     D:6: 829 daAuts
     D:4: 821 daAuts
     D:1: 573 daAuts
 Ossuary: 210 daAuts
  Temple: 65 daAuts
